AoeStats
← sksarthak

Arabia

510317330Analyzed
1v1 RM · 24h ago on Sep 30, 2026· 44m 58s· 2 players
Game mode
Random Map
Map size
Tiny (2 player)
Population
200
Speed
Normal
Resources
Standard
Victory
Conquest
Starting age
Dark Age
Ending age
Imperial Age
RankedLock teamsTeams togetherTeam positionsShared explorationLock speedFull tech treeHidden civsTurbo modeCheats
Victory
Defeat
🇺🇸 Varangians · United States
1133
+14
🇩🇪 Saxons · Germany
1099
-14
Pontifux
7:00 Loom
9:42 Feudal Age
10:10 Double-Bit Axe
9:57 Man-at-Arms
15:13 Fletching
15:37 Padded Archer Armor
21:31 Castle Age
19:37 Horse Collar
20:03 Gold Mining
20:42 Bloodlines
21:07 Scale Barding Armor
22:29 Bow Saw
23:52 Husbandry
24:58 Forging
26:31 Chain Barding Armor
26:48 Iron Casting
26:19 Town Watch
29:16 Wheelbarrow
31:29 Chain Barding Armor
33:14 Town Patrol
37:19 Imperial Age
37:36 Cavalier
42:36 Conscription
42:20 Scale Mail Armor
42:11 Fletching
43:56 Two-Man Saw
45:15 Chain Mail Armor
sksarthak
5:42 Loom
9:14 Feudal Age
18:21 Wheelbarrow
21:57 Castle Age
20:02 Horse Collar
20:12 Double-Bit Axe
20:22 Gold Mining
21:51 Bloodlines
21:49 Scale Barding Armor
21:55 Forging
27:08 Bow Saw
27:49 Iron Casting
28:22 Husbandry
29:55 Chain Barding Armor
31:50 Devotion
37:09 Fletching
39:56 Imperial Age
39:06 Vendel Legacy
39:58 Bodkin Arrow
40:04 Padded Archer Armor
39:59 Cavalier
41:47 Blast Furnace
42:12 Plate Barding Armor
44:04 Conscription
Connection lost

Rejoining the realm…

Still unreachable

The connection could not be restored.

Session expired

The server has moved on; the page needs a fresh start.